Map: Dreamcatcher LE

Players

NeoVeoVII

  • Race: Protoss Protoss
  • League: Platinum
  • Spawn Location: 11:00

BobRossTrees - Winner!

  • Race: Terran Terran
  • League: Platinum
  • Spawn Location: 5:00

VOD

Have the link to the VOD?

Description

Time

  • Played on: Sept. 29, 2018, 2:17 p.m.
  • Length: 16:57
Show
View Real Time Build Order
Export as new Build Order

NeoVeoVII Protoss 

Build Orders: Oracle Opening 

Get SALT Encoding   

  12  0:01  Probe  
  13  0:13  Probe  
  14  0:17  Pylon  
  14  0:25  Probe  
  15  0:36  Probe  
  16  0:43  Gateway  
  16  0:44  Probe  
  17  0:52  Probe  
  18  0:57  Assimilator  
  18  1:01  Probe  
  18  1:06  Assimilator  
  18  1:09  Probe  
  19  1:12  Pylon  
  19  1:18  Probe  
  21  1:30  Probe  
  21  1:32  Cybernetics Core  
  22  1:42  Probe  
  23  2:03  Probe  
  23  2:05  Nexus  
  23  2:11  Warp Gate  
  23  2:14  Adept  
  25  2:21  Probe  
  26  2:28  Stargate  
  26  2:33  Probe  
  27  2:41  Adept  
  28  2:56  Gateway  
  28  3:14  Oracle  
  28  3:18  Probe x2  
  30  3:24  Adept  
  35  3:28  Probe  
  35  3:29  Probe  
  37  3:37  Probe x2  
  38  3:45  Probe x2  
  39  3:50  Stalker  
  43  3:57  Probe x2, Twilight Council  
  45  4:05  Pylon  
  45  4:08  Pylon  
  45  4:09  Probe  
  46  4:23  Phoenix  
  44  4:45  Resonating Glaives  
  44  4:52  Probe x2  
  46  4:58  Phoenix  
  48  5:00  Gateway  
  48  5:01  Gateway  
  48  5:02  Pylon  
  48  5:04  Probe x2  
  50  5:08  Shield Battery  
  50  5:09  Shield Battery  
  50  5:10  Shield Battery  
  50  5:12  Adept x2  
  54  5:20  Assimilator  
  54  5:22  Assimilator  
  54  5:24  Gateway, Phoenix  
  54  5:26  Gateway  
  56  5:37  Adept x2  
  57  5:53  Phoenix  
  59  5:58  Adept x3  
  59  5:59  Adept  
  67  6:06  Pylon  
  67  6:20  Adept  
  69  6:27  Pylon  
  69  6:30  Pylon x2  
  69  6:31  Pylon  
  69  6:39  Adept x4  
  77  6:42  Forge  
  77  6:48  Pylon  
  77  7:06  Forge  
  77  7:11  Probe x2  
  77  7:13  Phoenix  
  77  7:14  Protoss Ground Weapons Level 1  
  79  7:17  Adept x4  
  79  7:20  Protoss Ground Armor Level 1  
  89  7:27  Nexus  
  89  7:34  Gateway  
  89  7:38  Probe x2  
  91  7:50  Probe  
  92  7:53  Templar Archives  
  92  7:55  Pylon  
  92  7:58  Pylon  
  92  8:01  Charge  
  92  8:04  Probe, Photon Cannon  
  93  8:07  Photon Cannon  
  94  8:12  Probe  
  94  8:16  Probe  
  94  8:17  Pylon  
  94  8:19  Pylon  
  95  8:21  Gateway  
  93  9:05  High Templar x3  
  93  9:06  Psionic Storm, High Templar x3  
  105  9:25  Pylon  
  105  9:27  Protoss Shields Level 1, Pylon  
  105  9:29  Pylon  
  105  9:31  Zealot  
  107  9:39  Probe  
  107  9:40  Probe x2  
  110  9:51  Probe  
  110  9:52  Probe  
  112  9:57  Zealot  
  112  9:58  Zealot x7  
  73  10:19  Adept x5  
  73  10:20  Adept x3  
  69  10:41  High Templar x3  
  69  10:42  Zealot x2  
  77  10:43  Zealot x3  
  85  10:55  Phoenix  
  87  11:07  Probe, Nexus  
  88  11:11  Pylon  
  88  11:27  Phoenix  
  90  11:37  High Templar x2  
  94  11:45  Zealot x2  
  94  11:46  Zealot x2  
  94  11:47  Zealot  
  65  12:16  Stalker x2  
  65  12:17  Stalker x2  
  73  12:28  Probe x2  
  73  12:29  Probe  
  76  12:36  Probe  
  76  12:37  Probe  
  78  12:44  Probe x2  
  78  12:45  Probe  
  81  13:03  Probe x3  
  84  13:15  Probe x2  
  86  13:20  Twilight Council  
  86  13:41  Robotics Facility  
  86  13:45  Pylon  
  66  14:24  Archon  
  43  14:54  Stalker x3  
  43  14:55  Stalker  
  45  15:02  Zealot x2  
  45  15:03  Zealot x2  
  53  15:21  Zealot x4  
  57  15:22  Zealot x2  
  57  15:26  Gateway  
  65  15:28  Gateway  
  65  15:31  Gateway  
  65  15:34  Stalker x2  
  65  15:35  Pylon, Stalker x4  
  75  15:36  Stalker  
  79  15:50  Templar Archives  
  79  15:58  Photon Cannon  
  79  16:00  Photon Cannon  
  79  16:01  Assimilator  
  79  16:02  Photon Cannon  
  69  16:30  High Templar  
  69  16:31  High Templar x3  
  69  16:32  High Templar x3  
  61  16:33  High Templar  
  61  16:35  Zealot x2  
  61  16:36  Archon x3  
  61  16:37  Archon  
Show
View Real Time Build Order
Export as new Build Order

BobRossTrees Terran - Winner!

Build Orders: Reaper Expand, MMM Bio 

Get SALT Encoding   

  12  0:00  SCV  
  13  0:13  SCV  
  14  0:18  Supply Depot  
  14  0:25  SCV  
  15  0:40  Barracks, SCV  
  16  0:45  Refinery  
  16  0:52  SCV  
  17  1:05  SCV  
  18  1:20  SCV  
  19  1:30  Reaper  
  20  1:33  Orbital Command  
  20  1:49  Command Center  
  20  1:57  Barracks  
  20  2:00  SCV  
  21  2:11  Supply Depot  
  21  2:15  Barracks Reactor  
  21  2:18  SCV  
  22  2:27  Barracks  
  22  2:42  SCV  
  23  2:59  SCV  
  23  3:00  Barracks Tech Lab  
  23  3:02  Orbital Command  
  24  3:07  Marine x2  
  24  3:12  SCV  
  27  3:16  Barracks Tech Lab  
  27  3:20  Engineering Bay, Marauder  
  27  3:24  Orbital Command  
  29  3:27  Marine x2  
  29  3:30  Stimpack  
  31  3:34  Marine  
  31  3:38  Combat Shields  
  32  3:41  SCV  
  32  3:42  Marauder  
  32  3:46  Marine x2  
  37  3:53  Marauder, SCV  
  40  4:02  SCV  
  41  4:04  Marine x2  
  41  4:05  Marauder  
  45  4:11  SCV  
  44  4:31  Missile Turret  
  40  4:39  Marine x4  
  40  4:41  SCV x2  
  46  4:59  Bunker  
  46  5:04  Supply Depot  
  46  5:07  Supply Depot  
  46  5:09  Missile Turret  
  46  5:22  Concussive Shells  
  46  5:25  Marine x2  
  46  5:26  Marauder x2, Supply Depot, SCV x2  
  54  5:49  Refinery, Marine  
  53  5:50  Marine  
  53  5:51  Marauder x2  
  59  5:59  SCV x2  
  59  6:00  Refinery  
  59  6:03  Supply Depot  
  61  6:08  Marine x2  
  63  6:13  Marauder x2  
  67  6:26  Marine x2  
  67  6:31  SCV x2  
  71  6:34  Marauder x2  
  71  6:35  Supply Depot  
  71  6:38  Factory  
  75  7:08  Command Center  
  75  7:09  Marine x2  
  75  7:10  Marauder x2  
  81  7:23  SCV  
  81  7:24  SCV  
  81  7:25  Factory Reactor  
  81  7:26  Marine  
  81  7:27  Marine  
  85  7:32  Starport  
  85  7:38  Supply Depot  
  85  7:46  Supply Depot  
  85  7:47  SCV  
  86  8:00  Marauder, SCV  
  89  8:06  Marine x2  
  89  8:07  Marauder  
  93  8:16  Medivac x2  
  93  8:18  Factory Tech Lab  
  97  8:22  Supply Depot  
  97  8:30  Marine  
  97  8:31  Marauder x2  
  97  8:32  Terran Infantry Weapons Level 1  
  102  8:36  Engineering Bay  
  102  8:40  Armory  
  102  8:41  Missile Turret  
  96  8:49  Marine x2  
  96  8:50  Medivac  
  96  8:53  SCV x2  
  100  9:12  Widow Mine  
  102  9:23  Planetary Fortress  
  100  9:34  Marine x2  
  100  9:35  Marauder x2  
  82  9:38  Medivac  
  108  9:48  Refinery  
  108  9:49  Supply Depot  
  108  10:03  Marine x3  
  108  10:04  Marauder  
  111  10:12  Missile Turret  
  88  10:25  Marine x2  
  88  10:26  Marauder x2  
  88  10:28  Medivac x2  
  98  10:39  SCV x2  
  100  10:43  Marine x2  
  100  10:44  Missile Turret  
  100  10:48  Marauder x2  
  106  10:50  Terran Infantry Armor Level 1  
  106  11:07  Medivac  
  106  11:08  Medivac  
  110  11:12  SCV x3  
  113  11:24  SCV x2  
  115  11:26  Barracks  
  115  11:28  Barracks  
  91  11:54  Marine x2  
  91  11:55  Marauder x2  
  91  11:58  Siege Tank  
  91  11:59  Medivac x2  
  102  12:12  Marine x2  
  73  12:16  Marauder  
  73  12:17  Marauder, Barracks Tech Lab  
  73  12:18  Barracks Tech Lab  
  77  12:25  Bunker  
  77  12:27  Terran Infantry Weapons Level 2  
  77  12:33  Terran Vehicle Weapons Level 1  
  77  12:34  Siege Tank  
  77  12:35  Refinery  
  80  12:40  Refinery  
  82  12:44  Marauder x3  
  82  12:45  Marauder, Marine x2  
  90  13:03  SCV x3  
  95  13:05  Marauder  
  95  13:07  Terran Infantry Armor Level 2  
  95  13:09  Siege Tank  
  98  13:14  Marine x2  
  98  13:16  Marine x2  
  98  13:17  Marine  
  103  13:23  SCV  
  103  13:24  SCV x2  
  106  13:45  Marine x2  
  106  13:47  Marauder x3  
  106  13:48  Marine, Siege Tank  
  81  14:45  Orbital Command  
  81  14:46  Liberator x2  
  79  14:58  Marine x2  
  79  14:59  Marauder x3  
  89  15:00  Marauder  
  89  15:01  Siege Tank  
  98  15:19  Marine x2  
  100  15:25  SCV x3  
  103  15:35  Liberator  
  103  15:37  SCV  
  103  15:41  Ghost Academy, SCV x2  
  106  15:49  SCV  
  110  15:59  Siege Tank  
  110  16:02  Marine x4, Command Center  
  117  16:05  Marine x2  
  119  16:21  Marine  
  117  16:31  Marine x2  
  117  16:32  Marauder x3  
Tags
 
Add a new tag
Caveats
  • Supply blocks, unpowered buildings, or Contaminate may cause inaccurate times.
  • Supply counts are checked every 10 seconds.